serge_lutens, lawful female human Archeologist --- |.. --- --.. |.. --.... ---..- |......|.....- -............ --- ............ .. -.......... -.. |..........---- .. -)......^..|.--.- |........:G...| |.........GG.--- --..........G.@..| |.........(......- --..........--....| |.....--..----.--- ------ ---- -- serge_lutens the Field Worker Experience level: 4 Strength: 14 Dexterity: 11 Constitution: 14 Intelligence: 11 Wisdom: 15 Charisma: 9 Health: 0(34) Energy: 22(22) Def: 6 Gold: 436 Moves: 1554 Dungeon seed: HP7i_ziCLTJ7kfjC Game ID: serge_lutens_1527675875 Your Inventory: Coins $ - 436 gold pieces Weapons a - a burnt +2 bullwhip (weapon in hand) i - 7 +3 darts s - 3 cursed -1 daggers (in quiver) v - 14 cursed -1 darts Armor e - a cursed -2 elven leather helm (being worn) y - an uncursed +1 dwarvish mithril-coat (being worn) Comestibles b - 4 uncursed food rations g - an uncursed tin of jackal meat z - an uncursed tin of gnome meat B - 2 uncursed tins of spinach Scrolls w - 4 uncursed scrolls of blank paper Tools c - a +0 pick-axe d - a tinning kit (0:49) f - an uncursed sack t - 7 uncursed partly used wax candles (0:236) u - 19 uncursed tallow candles (0:200) x - an uncursed wax candle (0:400) A - an uncursed tin whistle Gems n - an uncursed worthless piece of orange glass q - an uncursed touchstone r - an uncursed worthless piece of yellowish brown glass Spells and supernatural/magical abilities: Name Level Category Fail Memory W - pray for help -- divine ? -- Your skills at the end: Fighting Skills Weapon Skills pick-axe [Basic] whip [Basic] Spellcasting Skills Final Attributes: You were piously aligned. You were stealthy. You were fast. You were lucky. You are dead. Vanquished creatures: 2 gnome lords a paper golem a kitten an orc zombie a gas spore a giant rat 6 gnomes 2 geckos 5 jackals a fox a kobold 4 grid bugs 2 lichens 3 newts 31 creatures vanquished. Voluntary challenges: You were an atheist. You used a wielded weapon 60 times, starting on turn 2. You read items or engraved 23 times, starting on turn 658. You never genocided any monsters. You never polymorphed an object. You never changed form. You used no wishes. You never split a pudding. You wrote Elbereth's name 12 times, starting on turn 978. You never violated your personal moral code. Dungeon overview: The Dungeons of Doom: levels 1 to 3 Level 1 a fountain a long staircase Level 2 Level 3 a general store stairs to The Gnomish Mines The Gnomish Mines: levels 4 to 6 Level 4 stairs to The Dungeons of Doom Level 5 <- You were here Level 6 History has recorded: On T:1 you entered the Dungeons of Doom to retrieve the Amulet of Yendor! On T:476 you advanced to experience level 2. On T:478 you reached level 2 of The Dungeons of Doom. On T:502 you reached level 3 of The Dungeons of Doom. On T:746 you reached level 1 of The Gnomish Mines. On T:767 you advanced to experience level 3. On T:1061 you advanced to experience level 4. On T:1281 you reached level 2 of The Gnomish Mines. On T:1303 you reached level 3 of The Gnomish Mines. Score breakdown: Gold: 436 ( 8982 points) Experience: 4 levels ( 9649 points) Exploration: 6 levels ( 12.24%) ( 9682 points) Discoveries: 8 items ( 2.68%) ( 4915 points) Valuables value: (no points given unless you survive) Artifact value: 0 ( 0 points) Variety of kills: 14 monsters ( 3.67%) ( 5750 points) Turncount: 1554 turns ( 0 points) Survival: died (score multiplied by 80%) Total score: 31182 Latest messages: The door resists! You hear a door open. The door closes. You hit the gnome king. The gnome king swings his thonged club. The gnome king hits! You hit the gnome king. The gnome king swings his thonged club. The gnome king hits! You hit the gnome king. (2x) The gnome king swings his thonged club. The gnome king hits! As you read the scroll, it disappears. The scroll erupts in a tower of flame! The gnome king is caught in the tower of flame! The gnome king resists the tower of flame! Your bullwhip smoulders! Your clear potion boils and explodes! (You can name a clear potion from the item naming menu.) The gnome king swings his thonged club. The gnome king hits! You die... The sack is empty. Final status: Goodbye serge_lutens the Archeologist, killed by a gnome king... You died in The Gnomish Mines on dungeon level 5 with 31182 points, and 436 pieces of gold, after 1554 moves. You were level 4 with a maximum of 34 hit points when you died.